 Dungeon Crawl Stone Soup version 0.30.1-8-g117510f58f (webtiles) character file.

Game seed: 16858471826428544122

28919 Cheops the Summoner (level 13, -6/91 HPs)
             Began as a Yellow Draconian Summoner on Sept 23, 2023.
             Was a High Priest of Sif Muna.
             Mangled by Kirke (17 damage)
             ... on level 4 of the Lair of Beasts.
             The game lasted 01:23:44 (25192 turns).

Cheops the Summoner (Yellow Draconian Summoner)    Turns: 25192, Time: 01:23:44

Health: -6/91      AC:  0    Str: 11    XL:     13   Next: 12%
Magic:  13/20      EV: 15    Int: 20    God:    Sif Muna [*****.]
Gold:   830        SH:  5    Dex: 12    Spells: 5/21 levels left

rFire   . . .        a - melded +9 flail of Ycang {heavy, rCorr Dex-2 SInv}
rCold   . . .        s - melded +1 buckler
rNeg    . . .        (body armour unavailable)
rPois   .            (helmet currently unavailable)
rElec   .            w - melded +1 cloak
rCorr   .            f - melded +1 pair of gloves
SInv    .            t - melded +0 pair of boots
Will    .....        g - amulet of reflection
Stlth   ++           m - melded +6 ring of strength
HPRegen 0.35/turn    (ring currently unavailable)
MPRegen 0.17/turn

%: reflection
@: pig-form, slowed
A: fast, no casting, (spit acid), AC +8, small, unfitting armour,
(cold-blooded), (acid resistance)
a: Renounce Religion, Channel Magic, Forget Spell, Divine Exegesis


You were on level 4 of the Lair of Beasts.
You worshipped Sif Muna.
Sif Muna was extremely pleased with you.
You were a filthy swine.
You visited 3 branches of the dungeon, and saw 17 of its levels.

You collected 1138 gold pieces.
You spent 308 gold pieces at shops.

Inventory:

Hand Weapons
 a - the +9 flail of Ycang (melded) {heavy, rCorr Dex-2 SInv}
   (You found it on level 4 of the Dungeon)

   Dex:       It affects your dexterity (-2).
   SInv:      It lets you see invisible.
   rCorr:     It protects you from acid and corrosion.
 c - a +2 hand axe of freezing
 d - a +2 scythe of venom
 e - a +0 trident
 k - a +1 hammer of protection
 l - a +0 halberd
Armour
 f - a +1 pair of gloves (melded)
 s - a +1 buckler (melded)
 t - a +0 pair of boots (melded)
 w - a +1 cloak (melded)
Magical Staves
 b - a staff of air {!a}
Jewellery
 g - an amulet of reflection (around neck)
 m - a +6 ring of strength (melded)
 q - an amulet of the acrobat
Wands
 h - a wand of flame (58)
 n - a wand of polymorph (11)
 o - a wand of digging (6)
 p - a wand of roots (13)
 r - a wand of charming (8)
 u - a wand of mindburst (5)
Scrolls
 i - 3 scrolls of identify
 A - 2 scrolls of teleportation
 B - 3 scrolls of fear
 C - 2 scrolls of fog
 D - 2 scrolls of blinking
 E - a scroll of vulnerability
 F - a scroll of torment
 G - a scroll of immolation
 H - 3 scrolls of poison
 I - 8 scrolls of amnesia
 J - 2 scrolls of silence
 K - 2 scrolls of magic mapping
Potions
 L - 7 potions of curing
 M - a potion of heal wounds
 N - a potion of magic
 O - a potion of flight
 P - 2 potions of might
 Q - 2 potions of ambrosia
 R - 5 potions of attraction
 S - 4 potions of lignification
 T - 3 potions of mutation
 U - 4 potions of brilliance
 V - 2 potions of invisibility
 W - a potion of haste
Miscellaneous
 v - a condenser vane


   Skills:
 - Level 2.0 Fighting
 - Level 12.0 Axes
 - Level 3.0 Dodging
 - Level 1.7 Stealth
 - Level 5.0 Shields
 * Level 4.8 Spellcasting
 - Level 6.3 Hexes
 + Level 14.9 Summonings
 - Level 7.0 Air Magic


You had 5 spell levels left.
You knew the following spells:

 Your Spells              Type           Power      Damage    Failure   Level
t - Tukima's Dance        Hex            30%        N/A       2%          3
C - Call Canine Familiar  Summ           59%        N/A       1%          3
G - Summon Guardian Gole  Hex/Summ       47%        N/A       1%          3
I - Call Imp              Summ           100%       N/A       1%          2
L - Summon Lightning Spi  Summ/Air       48%        N/A       1%          4
M - Summon Small Mammal   Summ           100%       N/A       1%          1

Your spell library contained the following spells:

 Spells                   Type           Power      Damage    Failure   Level
 Slow                     Hex            100%       N/A       1%          1
 Confusing Touch          Hex            30%        N/A       2%          3
 Static Discharge         Conj/Air       36%        2-4/arc   4%          2
 Cigotuvi's Dreadful Rot  Necr/Pois/Air  28%        N/A       7%          2
 Airstrike                Air            16%        2d(3-19)  7%          4
 Dazzling Flash           Conj/Hex       34%        N/A       10%         3
 Inner Flame              Hex/Fire       17%        N/A       10%         3
 Portal Projectile        Hex/Tloc       34%        N/A       10%         3
 Apportation              Tloc           8%         N/A       12%         1
 Magic Dart               Conj           16%        1d3       12%         1
 Necrotise                Necr           16%        1d4       12%         1
 Mephitic Cloud           Conj/Pois/Air  14%        N/A       14%         3
 Momentum Strike          Conj/Tloc      8%         3d8       19%         2
 Leda's Liquefaction      Hex/Erth       8%         N/A       32%         4
 Gell's Gravitas          Tloc           4%         N/A       34%         3
 Ignite Poison            Fire/Tmut/Pois 4%         N/A       34%         3
 Teleport Other           Tloc           4%         N/A       34%         3
 Vampiric Draining        Necr           4%         2d6       34%         3
 Flame Wave               Conj/Fire      4%         2d5       75%         4
 Manifold Assault         Tloc           4%         N/A       75%         4
 Sticky Flame             Conj/Fire      4%         2d3       75%         4
 Freezing Cloud           Conj/Ice/Air   7%         6-21      77%         5
 Blade Hands              Tmut           2%         N/A       97%         5
 Dispersal                Tloc           2%         N/A       100%        6
 Disjunction              Tloc           2%         N/A       100%        8


Dungeon Overview and Level Annotations

Branches:
Dungeon (12/15)            Temple (1/1) D:7            Lair (4/5) D:9
  Swamp (0/4) Lair:2        Snake (0/4) Lair:3        Slime (0/5) Lair:4
    Orc (0/2) D:10

Altars:
Ashenzari
Cheibriados
Dithmenos
Elyvilon
Fedhas
Gozag
Hepliaklqana
Kikubaaqudgha
Makhleb
Nemelex Xobeh
Okawaru
Qazlal
Ru
Sif Muna
Trog
Uskayaw
Vehumet
Wu Jian
Xom
Yredelemnul
Zin
The Shining One
Jiyva

Shops:
D:5 =   D:6 !(?[(

Annotations:
Lair:4 Kirke


Innate Abilities, Weirdness & Mutations

You are a filthy swine.
You move quickly.
Your equipment is almost entirely melded.
You are incapable of wielding weapons or throwing items.
You cannot cast spells.
((You can spit globs of acid.))
((Your golden yellow scales are hard. (AC +8)))
You cannot fit into any form of body armour.
((You are cold-blooded and may be slowed by cold attacks.))
((You are resistant to acid. (rCorr)))


Message History

The barbs in your skin will harm you if you move.
Continue?
Okay, then.
Deactivating autopickup; reactivate with Ctrl-A.
You hit something.
You carefully extract the barbed spikes from your body.
You closely miss something. Something hits you.
You miss something. Something barely misses you.
You bite something! Something hits you!
You hit something.
You can't do that in your present form.
Unknown command.
You hit something. Something hits you.
You miss something. Something hits you!
* * * LOW HITPOINT WARNING * * *
You can't do that in your present form.
You hit something but do no damage. Something hits you!
* * * LOW HITPOINT WARNING * * *
You miss something. You barely miss something. Something closely misses you.
You closely miss something.
You hear some strange, mumbled words.
You feel a momentary urge to oink.
You hit something.
You hear some strange, mumbled words.
You feel yourself slow down.
You miss something.
You hear some strange, mumbled words.
Something tries to affect you, but you resist.
Okay, then.
Okay, then.
Aiming: Throw Flame
Press: ? - help, Shift-Dir - straight line The puff of flame hits something.
Something hits you!
* * * LOW HITPOINT WARNING * * *
Aiming: Throw Flame
Press: ? - help, Shift-Dir - straight line The puff of flame hits something!
Something hits you!
* * * LOW HITPOINT WARNING * * *
Something hits you!
You die...

.##.#..P..^8†.............#
.........................##
.........................#
.........................#
................#.......##
....####........#.##.P...#
..#.######......#.......##
..###.## #.....#....##..#
..+....###.....#h...##..#
...#.....+.....{.8..#...#
...##..........#....##..##
..#.#....+......P....#...#
..##.####...........##...#
#. ###......#.#.#...## .#
#........#.....#..## h.
.................<.# .h.
..@...............P#


You could see a friendly lightning spire (summoned).

Vanquished Creatures
  A two-headed ogre (D:9)
  A manticore (D:12)
  A black mamba (Lair:3)
  2 rime drakes
  3 komodo dragons
  2 polar bears
  4 blink frogs
  2 dream sheep (Lair:2)
  A wyvern (D:8)
  2 wraiths (D:10)
  14 yaks
  A steam dragon (D:8)
  2 hogs (Lair:4)
  A swamp worm (Lair:2)
  Edmund (D:4)
  2 water moccasins (Lair:1)
  Duvessa (D:6)
  An ice beast (D:8)
  A black bear (D:4)
  A sky beast (D:7)
  An ogre (D:5)
  2 wolves (Lair:4)
  2 centaurs
  A phantom (D:5)
  2 kobold brigands (D:8)
  A gnoll sergeant (D:10)
  A wyvern zombie (D:8)
  3 bullfrogs
  5 killer bees
  A troll zombie (D:10)
  A centaur zombie (D:8)
  A jelly (D:7)
  A gnoll bouda (D:6)
  4 orc priests
  A hound (D:5)
  A sleepcap (D:6)
  5 orc wizards
  An iguana (D:5)
  6 hell rats (Lair:3)
  A polar bear simulacrum (Lair:2)
  A wolf simulacrum (Lair:2)
  3 killer bee zombies (D:8)
  An ogre zombie (D:10)
  8 gnolls
  12 river rats (Lair:3)
  4 adders
  An ufetubus (D:5)
  A dart slug (D:5)
  19 orcs
  4 ball pythons
  2 bats
  3 endoplasms
  A giant cockroach (D:3)
  10 goblins
  4 hobgoblins
  9 quokkas
  4 frilled lizards
  A goblin skeleton (D:10)
  2 hobgoblin skeletons (D:10)
  A hobgoblin zombie (D:10)
  8 kobolds
  2 orc skeletons (D:10)
  6 orc zombies (D:10)
  11 rats
  A river rat simulacrum (Lair:2)
204 creatures vanquished.

Vanquished Creatures (collateral kills)
  A two-headed ogre (D:11)
  A wizard (D:10)
  A necromancer (Lair:2)
  An oklob plant (Lair:4)
  A manticore (D:12)
  A cyclops (D:11)
  A black mamba (Lair:2)
  4 cane toads
  A torpor snail (Lair:2)
  A gargoyle (D:11)
  5 komodo dragons
  2 unseen horrors (D:11)
  2 polar bears (Lair:2)
  3 trolls
  Grinder (D:6)
  A dream sheep (Lair:2)
  8 blink frogs
  Sigmund (D:6)
  Eustachio (D:4)
  A wraith (D:9)
  2 shadows
  22 yaks
  2 hogs (Lair:4)
  5 basilisks
  A steam dragon (D:9)
  Menkaure (D:7)
  A naga (Lair:3)
  8 water moccasins
  An orc warrior (D:10)
  A sky beast (D:7)
  4 wolves (Lair:4)
  2 phantoms
  2 kobold brigands (D:7)
  4 bullfrogs
  A wyvern zombie (D:8)
  A gnoll sergeant (D:12)
  A scorpion (D:7)
  Dowan (D:6)
  9 killer bees
  A troll zombie (D:10)
  4 howler monkeys
  2 centaur zombies (D:8)
  2 jellies (D:4)
  4 orc priests
  2 iguanas (D:5)
  Crazy Yiuf (D:6)
  A hell rat (Lair:2)
  6 orc wizards
  2 yak simulacra (Lair:2)
  3 polar bear simulacra (Lair:2)
  A wolf simulacrum (Lair:2)
  3 ogre zombies (D:10)
  6 gnolls
  4 adders
  A shadow imp (D:8)
  A white imp (D:8)
  A worm (D:5)
  12 orcs
  A ball python (D:4)
  An endoplasm (D:2)
  2 hobgoblins
  14 kobolds
  3 quokkas
  A frilled lizard (D:1)
  A goblin (D:5)
  2 goblin zombies (D:10)
  An orc skeleton (D:10)
  4 orc zombies (D:10)
  5 rats
  2 river rat simulacra (Lair:2)
201 creatures vanquished.

Vanquished Creatures (others)
  A hydra (Lair:3)
  A troll (D:11)
  A kobold brigand (D:4)
  An orc wizard (D:8)
4 creatures vanquished.

Grand Total: 409 creatures vanquished

Notes
Turn   | Place    | Note
-------+----------+-------------------------------------------
     0 | D:1      | Cheops the Draconian Summoner began the quest for the Orb.
     0 | D:1      | Reached XP level 1. HP: 14/14 MP: 3/3
   472 | D:1      | Reached XP level 2. HP: 20/20 MP: 2/5
   820 | D:1      | Learned a level 2 spell: Call Imp
  1090 | D:2      | Reached skill level 1 in Axes
  1229 | D:2      | Reached XP level 3. HP: 27/27 MP: 7/7
  1235 | D:2      | Learned a level 3 spell: Call Canine Familiar
  1339 | D:2      | Reached skill level 1 in Fighting
  1953 | D:3      | Noticed a phantom
  1963 | D:3      | Killed a phantom
  1964 | D:3      | Reached skill level 5 in Summonings
  1964 | D:3      | Reached XP level 4. HP: 33/36 MP: 3/8
  2115 | D:3      | Found a blossoming altar of Fedhas.
  2115 | D:3      | Found an ancient bone altar of Kikubaaqudgha.
  2211 | D:3      | Reached XP level 5. HP: 31/41 MP: 1/9
  2234 | D:3      | Found a faded altar of an unknown god.
  2394 | D:3      | Reached skill level 6 in Summonings
  2426 | D:3      | Found a hazy altar of Hepliaklqana.
  2427 | D:3      | You fall into a shaft and drop 3 floors!
  2446 | D:6      | Found Risesh's Weapon Shoppe.
  2474 | D:6      | Found Plog's Distillery.
  2478 | D:6      | Bought a potion of curing for 45 gold pieces
  2478 | D:6      | Bought a potion of might for 60 gold pieces
  2495 | D:5      | Entered Level 5 of the Dungeon
  2495 | D:5      | Found Pejoraw's Jewellery Emporium.
  2509 | D:5      | Noticed an ogre
  2517 | D:5      | Killed an ogre
  2518 | D:5      | Reached XP level 6. HP: 44/48 MP: 6/10
  2608 | D:5      | Noticed a water moccasin
  2752 | D:4      | Identified the +9 flail of Ycang {heavy, rCorr Dex-2 SInv}
  2887 | D:4      | Reached skill level 7 in Summonings
  2926 | D:4      | Learned a level 4 spell: Summon Lightning Spire
  3036 | D:4      | Noticed Eustachio
  3082 | D:4      | Reached skill level 1 in Air Magic
  3082 | D:4      | Your scales start taking on a golden yellow colour.
  3082 | D:4      | Reached XP level 7. HP: 55/55 MP: 8/11
  3082 | D:4      | Gained mutation: You are resistant to acid. (rCorr) [Yellow
                  | Draconian growth]
  4859 | D:3      | Found a blossoming altar of Fedhas.
  4859 | D:3      | Found an ancient bone altar of Kikubaaqudgha.
  4926 | D:3      | Found a faded altar of an unknown god.
  4986 | D:3      | Found a hazy altar of Hepliaklqana.
  5767 | D:4      | Killed Eustachio
  5927 | D:4      | Noticed Edmund
  5934 | D:4      | Killed Edmund
  7333 | D:5      | Found a snail-covered altar of Cheibriados.
  7400 | D:5      | Reached skill level 5 in Air Magic
  7400 | D:5      | Reached XP level 8. HP: 43/61 MP: 8/12
  8058 | D:5      | Found Pejoraw's Jewellery Emporium.
  8242 | D:5      | Found a snail-covered altar of Cheibriados.
  8656 | D:6      | Noticed Duvessa
  8656 | D:6      | Noticed Dowan
  8900 | D:6      | Found an ornate altar of the Wu Jian Council.
  8935 | D:6      | Killed Dowan
  8960 | D:6      | Learned a level 3 spell: Summon Guardian Golem
  8977 | D:6      | Killed Duvessa
  9339 | D:6      | Noticed Grinder
  9342 | D:6      | Paralysed by Grinder for 3 turns
  9346 | D:6      | Killed Grinder
  9479 | D:6      | Found Xefyhoem's Antique Armour Boutique.
  9501 | D:6      | Found Oless's Antique Weapon Boutique.
  9569 | D:6      | Noticed Sigmund
  9575 | D:6      | Killed Sigmund
  9690 | D:6      | Found a runed translucent door.
  9691 | D:6      | Noticed Crazy Yiuf
  9778 | D:6      | Found Doasom's Magic Scroll Boutique.
  9782 | D:6      | Bought a scroll of fog for 44 gold pieces
  9782 | D:6      | Bought a scroll of torment for 104 gold pieces
  9782 | D:6      | Bought a scroll of noise for 11 gold pieces
  9782 | D:6      | Bought a scroll of identify for 22 gold pieces
  9782 | D:6      | Bought a scroll of identify for 22 gold pieces
  9974 | D:6      | Killed Crazy Yiuf
 10138 | D:7      | Reached skill level 5 in Axes
 10238 | D:7      | Reached XP level 9. HP: 65/67 MP: 5/13
 10459 | D:7      | Noticed Menkaure
 10462 | D:7      | Found a staircase to the Ecumenical Temple.
 10466 | D:7      | Killed Menkaure
 10482 | Temple   | Entered the Ecumenical Temple
 10482 | Temple   | Found a transporter.
 10482 | Temple   | Found a transporter.
 10511 | Temple   | Found a transporter.
 10511 | Temple   | Found a transporter.
 10666 | D:7      | Found a shimmering blue altar of Sif Muna.
 10756 | D:7      | Found a glowing silver altar of Zin.
 10776 | D:7      | Found a staircase to the Ecumenical Temple.
 10796 | D:7      | Found a shimmering blue altar of Sif Muna.
 11110 | D:6      | Found a shimmering altar of Xom.
 11857 | D:8      | Found a basalt altar of Yredelemnul.
 11970 | D:8      | Reached skill level 8 in Summonings
 12450 | D:7      | Became a worshipper of Sif Muna the Loreminder
 12662 | D:9      | Noticed a troll
 12663 | D:9      | Reached XP level 10. HP: 58/73 MP: 12/16
 12826 | D:9      | Noticed a two-headed ogre
 12850 | D:9      | Killed a two-headed ogre
 12851 | D:9      | Reached skill level 9 in Summonings
 12976 | D:9      | Found a staircase to the Lair.
 13417 | D:9      | Found an opulent altar of Gozag.
 13606 | D:10     | Entered Level 10 of the Dungeon
 13635 | D:10     | Found a staircase to the Orcish Mines.
 13864 | D:10     | Reached skill level 10 in Summonings
 13923 | D:10     | Got the Octavo of the Hindering Impact
 13949 | D:10     | Reached * piety under Sif Muna
 14508 | D:10     | Reached skill level 11 in Summonings
 14572 | D:10     | Reached ** piety under Sif Muna
 14647 | D:10     | Reached XP level 11. HP: 68/77 MP: 17/17
 14893 | D:9      | Learned a level 3 spell: Tukima's Dance
 14929 | D:10     | Found a radiant altar of Vehumet.
 15004 | D:10     | Noticed a wizard
 15027 | D:10     | Killed a wizard
 15028 | D:10     | Reached skill level 10 in Axes
 15864 | D:11     | Reached skill level 5 in Hexes
 16142 | D:11     | Noticed a two-headed ogre
 16150 | D:11     | Killed a two-headed ogre
 18228 | Lair:1   | Entered Level 1 of the Lair of Beasts
 18955 | Lair:1   | Reached skill level 12 in Summonings
 19049 | Lair:1   | Reached *** piety under Sif Muna
 19059 | Lair:1   | Reached XP level 12. HP: 48/85 MP: 13/18
 19953 | Lair:2   | Reached skill level 13 in Summonings
 20897 | Lair:2   | Reached skill level 14 in Summonings
 21160 | Lair:2   | Reached **** piety under Sif Muna
 21639 | Lair:2   | Found a staircase to the Swamp.
 22072 | Lair:3   | Reached skill level 1 in Shields
 22263 | Lair:3   | Found a staircase to the Snake Pit.
 22856 | Lair:3   | Noticed a four-headed hydra
 23031 | Lair:3   | Killed a four-headed hydra
 23750 | Lair:4   | Noticed Kirke
 23772 | Lair:4   | Found a broken altar of Ashenzari.
 24103 | Lair:4   | Noticed a death yak
 24103 | Lair:4   | Noticed a death yak
 24104 | Lair:4   | Noticed a death yak
 24104 | Lair:4   | Noticed a death yak
 24108 | Lair:4   | Noticed a death yak
 24280 | Lair:4   | Identified the +0 helmet of Insurance {rC+}
 24329 | Lair:4   | Found a viscous altar of Jiyva.
 24376 | Lair:4   | Found a staircase to the Slime Pits.
 24573 | Lair:4   | Reached skill level 5 in Shields
 24573 | Lair:4   | Reached XP level 13. HP: 83/91 MP: 6/19
 24891 | Lair:4   | Reached ***** piety under Sif Muna
 25192 | Lair:4   | Mangled by Kirke

Illustrated notes

Levels and vault maps discovered:
D:1:      dpeg_arrival_tiny_k, layout_loops_ring, grunt_decor_one_mirror
D:2:      layout_loops_ring, nicolae_figureground_sparkle
D:3:      layout_loops_ring, nicolae_hepliaklqana_hazy_memory,
          grunt_temple_overflow_growth_and_decay,
          hellmonk_ecumenical_altar_crossroads
D:4:      layout_layer_cave, kennysheep_opposing_triangles, uniq_edmund,
          uniq_eustachio
D:5:      minmay_spotlight, layout_loops_ring, kennysheep_slug_shrine,
          serial_shops, shop, minmay_ogre_servants
D:6:      layout_loops_ring, mainiacjoe_overflow_six_doors_small,
          nicolae_overflow_hidden_temple, serial_shops,
          nicolae_shop_back_alley_shop, shop, nicolae_shop_hallway_stairs,
          nicolae_shop_competitors_out_of_business,
          nicolae_shop_back_alley_shop, uniq_grinder, uniq_crazy_yiuf_cottage,
          uniq_sigmund, uniq_duvessa
D:7:      layout_rooms, overflow_temple_1_default, mainiacjoe_overflow_catwalk,
          minmay_temple_entry_glass, uniq_menkaure
D:8:      layout_rooms, nicolae_yredelemnul_corpse_copse
D:9:      layout_basic, nicolae_gozag_seed_capital, david_lair_shrubbed
D:10:     layout_irregular_city, nicolae_vehumet_altar_sigil, zombieorc1_lemuel,
          serial_column_ruins, column_ruins_courtyard_long,
          column_ruins_open_tiny_water, column_ruins_grid_3,
          column_ruins_corridor_dead_end, column_ruins_grid_1,
          column_ruins_open_small, grunt_ministairs_2
D:11:     layout_roguey, serial_glass, glass_columns_c, glass_columns_b,
          kennysheep_decorative_pillar, minmay_misc_feat_plants
D:12:     layout_roguey
Temple:   hellmonk_temple_divided_pantheon
Lair:1:   layout_cave_pods, grunt_megastairs_2
Lair:2:   layout_cave_pods, minmay_swamp_entry_worms, eino_house_with_fridge
Lair:3:   lemuel_ratsnest, layout_cave_pods, guppyfry_snake_entry_island
Lair:4:   layout_regular_city, minmay_slime_entry_oklob_enclosed, basic_altar,
          grunt_megastairs_3, serial_bayou_shore_b, uniq_kirke

Skill      XL: |  1  2  3  4  5  6  7  8  9 10 11 12 |
---------------+-------------------------------------+-----
Spellcasting   | 3 4 |  4.8
Axes           | 1 2 5 8 9 11 12 | 12.0
Fighting       | 2 |  2.0
Summonings     | 5 6 7 8 11 12 14 | 14.9
Dodging        | 3 |  3.0
Air Magic      | 1 5 7 |  7.0
Hexes          | 2 3 6 |  6.3
Shields        | 5 |  5.0
Stealth        | |  1.7

Action                     |  1- 3 |  4- 6 |  7- 9 | 10-12 | 13-15 || total
---------------------------+-------+-------+-------+-------+-------++-------
  Melee: Hand axe          |    61 |    79 |    14 |    81 |       ||   235
         Unarmed           |     3 |       |       |     1 |    13 ||    17
         Tailslap          |     4 |    14 |    19 |    45 |     2 ||    84
         Punch             |     2 |       |     2 |     1 |       ||     5
         Flail             |       |       |   132 |   231 |    20 ||   383
         Halberd           |       |       |       |     7 |       ||     7
   Cast: Summon Small Mamm |    14 |       |       |       |       ||    14
         Call Imp          |     5 |     5 |     9 |    10 |       ||    29
         Call Canine Famil |     3 |     7 |    23 |    54 |     3 ||    90
         Summon Lightning  |       |       |    26 |    73 |     5 ||   104
         Summon Guardian G |       |       |       |    11 |     1 ||    12
         Tukima's Dance    |       |       |       |     1 |       ||     1
  Evoke: Wand              |       |       |       |       |     3 ||     3
    Use: Scroll            |       |     7 |     9 |    12 |       ||    28
         Potion            |       |     1 |       |     3 |       ||     4
   Stab: Sleeping          |     2 |     2 |       |       |       ||     4
         Distracted        |       |       |     1 |     9 |       ||    10
 Armour: Skin              |    25 |    29 |    95 |   141 |     9 ||   299
  Dodge: Dodged            |    43 |    53 |   142 |   256 |    16 ||   510
  Block: Other             |       |     2 |    60 |    39 |       ||   101
         Reflection        |       |     1 |     2 |     1 |       ||     4
         Buckler           |       |       |       |   129 |     7 ||   136
